 Dungeon Crawl Stone Soup version 0.28-a0-773-g130ae17fe5 (webtiles) character file.

Game seed: 10886766292979319503

60157 Avanven the Bludgeoner (level 14, 0/71 (72) HPs)
             Began as a Vine Stalker Fighter on Nov 2, 2021.
             Was a Priest of Ashenzari.
             Succumbed to a death drake's foul vapour
             ... on level 1 of the Swamp.
             The game lasted 01:00:19 (18793 turns).

Avanven the Bludgeoner (Vine Stalker Fighter)      Turns: 18793, Time: 01:00:20

HP:   0/71 (72)     AC: 22    Str: 22    XL:     14   Next: 98%
MP:   24/24         EV:  7    Int:  8    God:    Ashenzari [***...]
Gold: 1878          SH: 13    Dex: 16    Spells: 13/13 levels left

rFire   + . .      SeeInvis +   i - +5 morningstar (freeze)
rCold   . . .      Faith    .   c - +1 buckler of the Fated Stoicism {Melee, Bglg} (curse)
rNeg    . . .      Spirit   +   H - +6 plate armour "Seeker of Ashenzari" {rF+, Comp, Fort} (curse)
rPois   +          Reflect  +   (no helmet)
rElec   .          Harm     .   (no cloak)
rCorr   .          Rampage  .   B - +0 pair of gloves of Ashenzari's Sybil {Evo, Melee} (curse)
Will    +....      Clarity  +   (no boots)
Stlth   ..........              t - amulet "Ensconced With Me" {Reflect SH+5, Comp, Melee} (curse)
HPRegen 1.21/turn               j - ring of the Distant Augur {SInv, Bglg, Melee} (curse)
MPRegen 0.19/turn               z - ring of magical power

@: lethally poisoned (0 -> -5), very slightly contaminated, slowed, lightly
drained, invisible (expiring), very slow
A: fangs 3, regeneration 1, magic shield, antimagic bite, no potion heal 2,
poison resistance, wild magic 1
a: Renounce Religion, Shatter the Chains


You were on level 1 of the Swamp.
You worshipped Ashenzari.
Ashenzari was most pleased with you.
You visited 6 branches of the dungeon, and saw 21 of its levels.
You also visited: Volcano.

You collected 2148 gold pieces.
You spent 270 gold pieces at shops.

Inventory:

Hand Weapons
 d - a +1 whip of electrocution
 i - a +5 morningstar of freezing (weapon)
Armour
 c - the cursed +1 buckler of the Fated Stoicism (worn) {Melee, Bglg}

   It has a curse which improves the following skills: Melee Combat: Short
   Blades, Long Blades, Axes, Maces & Flails, Polearms, Staves and Unarmed
   Combat.
   Beguiling: Conjurations, Hexes and Translocations.
 h - a +0 pair of gloves of archery
 B - the cursed +0 pair of gloves of Ashenzari's Sybil (worn) {Evo, Melee}
   (You found it on level 1 of the Lair of Beasts)

   It has a curse which improves the following skills: Evocations: Evocations.
   Melee Combat: Short Blades, Long Blades, Axes, Maces & Flails, Polearms,
   Staves and Unarmed Combat.
 H - the cursed +6 plate armour "Seeker of Ashenzari" (worn) {rF+, Comp, Fort}
   (You found it in a volcano)

   It has a curse which improves the following skills: Companions: Summonings
   and Necromancy.
   Fortitude: Armour and Shields.
 J - a +0 buckler
Jewellery
 a - a ring of positive energy
 j - the cursed ring of the Distant Augur (left hand) {SInv, Bglg, Melee}
   (You found it on level 2 of the Dungeon)

   [ring of see invisible]

   SInv:      It lets you see invisible.
   It has a curse which improves the following skills: Beguiling: Conjurations,
   Hexes and Translocations.
   Melee Combat: Short Blades, Long Blades, Axes, Maces & Flails, Polearms,
   Staves and Unarmed Combat.
 n - a +4 ring of evasion
 t - the cursed amulet "Ensconced With Me" (around neck) {Reflect SH+5, Comp, Melee}
   (You found it on level 5 of the Dungeon)

   [amulet of reflection]

   It reflects blocked missile attacks.
   SH:        It affects your SH (+5).
   It has a curse which improves the following skills: Companions: Summonings
   and Necromancy.
   Melee Combat: Short Blades, Long Blades, Axes, Maces & Flails, Polearms,
   Staves and Unarmed Combat.
 z - a ring of magical power (right hand)
Wands
 m - a wand of iceblast (6)
 x - a wand of flame (14) (quivered)
 A - a wand of polymorph (3)
 C - a wand of mindburst (23)
 D - a wand of paralysis (31)
 E - a wand of digging (4)
Scrolls
 b - 6 scrolls of identify
 o - 2 scrolls of silence
 p - 7 scrolls of amnesia
 u - 2 scrolls of magic mapping
 v - a scroll of fog
 y - 2 scrolls of holy word
 K - 2 scrolls of brand weapon
Potions
 e - 2 potions of magic
 f - a potion of brilliance
 g - 2 potions of flight
 q - 3 potions of invisibility
 r - 10 potions of curing
 s - 2 potions of lignification
Miscellaneous
 l - a condenser vane


   Skills:
 + Level 7.1 Fighting
 - Level 17.4(22.1) Maces & Flails
 - Level 10.0(11.8) Armour
 - Level 10.1(12.0) Shields
 + Level 5.1(7.0) Evocations


You had 13 spell levels left.
You didn't know any spells.
Your spell library contained the following spells:

 Spells                   Type           Power      Damage    Failure   Level
 Animate Skeleton         Necr           0%         N/A       99%         1
 Apportation              Tloc           0%         N/A       99%         1
 Foxfire                  Conj/Fire      0%         2x1d4     99%         1
 Pain                     Necr           0%         1d4       99%         1
 Summon Small Mammal      Summ           0%         N/A       99%         1
 Blink                    Tloc           0%         N/A       100%        2
 Scorch                   Fire           0%         2d5       100%        2
 Static Discharge         Conj/Air       0%         N/A       100%        2
 Sublimation of Blood     Necr           0%         N/A       100%        2
 Conjure Flame            Conj/Fire      0%         6-21      100%        3
 Gell's Gravitas          Tloc           0%         N/A       100%        3
 Inner Flame              Hex/Fire       0%         N/A       100%        3
 Lesser Beckoning         Tloc           0%         N/A       100%        3
 Ozocubu's Armour         Ice            0%         N/A       100%        3
 Teleport Other           Tloc           0%         N/A       100%        3
 Vampiric Draining        Necr           0%         2d6       100%        3
 Dispel Undead            Necr           0%         3d6       100%        4
 Flame Wave               Conj/Fire      0%         3d3       100%        4
 Petrify                  Tmut/Erth      0%         N/A       100%        4
 Sticky Flame             Conj/Fire      0%         2d3       100%        4
 Irradiate                Conj/Tmut      0%         3d13      100%        5
 Manifold Assault         Tloc           0%         N/A       100%        5
 Summon Cactus Giant      Summ           0%         N/A       100%        6
 Ozocubu's Refrigeration  Ice            0%         4d5       100%        7
 Storm Form               Tmut/Air       0%         N/A       100%        7


Dungeon Overview and Level Annotations

Branches:
Dungeon (10/15)            Temple (1/1) D:4            Lair (6/6) D:8
  Swamp (1/4) Lair:3       Spider (1/4) Lair:3        Slime (0/5) Lair:5
    Orc (2/2) D:9             Elf (0/3) Orc:2       Volcano (visited)

Altars:
Ashenzari
Cheibriados
Dithmenos
Elyvilon
Fedhas
Gozag
Hepliaklqana
Kikubaaqudgha
Makhleb
Nemelex Xobeh
Qazlal
Ru
Sif Muna
Trog
Uskayaw
Vehumet
Wu Jian
Xom
Yredelemnul
Zin
The Shining One
Jiyva

Shops:
Orc:2 ![:?

Annotations:
D:8 exclusion: oklob plant
D:9 6 exclusions
Lair:3 2 transporters, 1994's ghost, journeyman FeAE
Lair:5 1 runed translucent door
Lair:6 2 runed translucent doors, exclusion: 2 doors


Innate Abilities, Weirdness & Mutations

You have razor-sharp teeth.
Your natural rate of healing is unusually fast.
When hurt, damage is shared between your health and your magic reserves.
Your bite disrupts and absorbs the magic of your enemies.
Potions cannot restore your health.
Your system is resistant to poisons. (rPois)
Your spells are a little harder to cast, but a little more powerful.


Message History

Okay, then.
Okay, then.
The spriggan rider hits you but does no damage.
You block the spriggan rider's attack. x2
You puncture the spriggan rider! You freeze the spriggan rider.
Your bite misses the spriggan rider.
The spriggan rider is moderately wounded.
You block the spriggan rider's attack.
You hit the spriggan rider. You freeze the spriggan rider.
Your bite misses the spriggan rider.
The spriggan rider is moderately wounded.
The death drake breathes miasma at you. The foul vapour engulfs you!
You are poisoned.
You feel yourself slow down.
* * * LOW HITPOINT WARNING * * *
The spriggan rider hits you with a +0 spear!
* * * LOW HITPOINT WARNING * * *
You block the spriggan rider's attack.
You thump the spriggan rider! You freeze the spriggan rider!
You kill the hornet!
The spriggan falls from its now dead mount.
You bite the spriggan! You drain its power.
You feel invigorated.
The spriggan is heavily wounded.
* * * LOW HITPOINT WARNING * * *
You feel very sick. You block the spriggan rider's attack.
The spriggan splashes around in the water.
You closely miss the spriggan.
The spriggan is heavily wounded.
* * * LOW HITPOINT WARNING * * *
You feel very sick. You block the spriggan rider's attack.
The spriggan splashes around in the water.
The death drake breathes miasma at you.
The foul vapour engulfs you but does no damage.
You miss the spriggan. Your bite misses the spriggan.
The spriggan is heavily wounded.
You flicker for a moment.
You die...

♣** *♣.♣** ♣♣♣
*≈≈≈≈*♣♣§♣♣
*♣...≈♣§k@♣
**≈♣....§i♣♣
*≈≈≈≈..§§i♣*
*****...≈§...≈♣
**≈,**...≈.i≈..♣*
*≈,,,≈♣..≈.≈.≈.≈*
**≈≈,,?♣..♣..≈.♣♣
******≈≈.!≈.≈.♣≈♣♣**
*,***,,,..≈≈....≈*≈**


You could see a death drake (catching breath), a spriggan rider and a spriggan.

Vanquished Creatures
  Jorgrun (D:9)
  Fannar (Orc:1)
  3 hydras
  4 ogre magi
  A catoblepas (Lair:6)
  10 two-headed ogres
  16 death yaks
  2 skeletal warriors (Volcano)
  A bog body (Swamp:1)
  A lindwurm (Lair:6)
  2 orc knights
  2 orc sorcerers
  An orb spider (Spider:1)
  2 anaconda skeletons (Volcano)
  A wolf spider (Spider:1)
  A will-o-the-wisp (Swamp:1)
  Joseph (D:9)
  A toenail golem (Volcano)
  7 black mambas
  A torpor snail (Lair:6)
  2 molten gargoyles (Lair:6)
  4 gargoyles (Volcano)
  11 cane toads
  7 komodo dragons
  2 rime drakes
  2 trolls
  Prince Ribbit (D:8)
  2 blink frogs (D:8)
  6 jumping spiders
  3 harpy skeletons (Volcano)
  4 hornets
  4 polar bears
  2 redbacks (Lair:3)
  2 flying skulls (Volcano)
  A shadow (D:9)
  27 yaks
  A wraith (D:9)
  A spriggan (Swamp:1)
  2 steam dragons
  8 wyverns
  9 basilisks
  11 water moccasins
  14 orc warriors
  A sky beast (D:5)
  3 hell hounds (Lair:6)
  An ice beast (D:4)
  2 black bears
  A necrophage (D:7)
  27 ogres
  3 centaurs
  3 gnoll sergeants
  12 bullfrogs
  7 scorpions
  8 killer bees
  4 troll skeletons (Volcano)
  25 wights
  5 lava snakes (Lair:6)
  3 electric eels
  3 howler monkeys (D:8)
  11 jellies
  2 centaur zombies
  2 centaur skeletons
  3 hounds
  A bullfrog skeleton (D:6)
  11 orc priests
  Jessica (D:2)
  2 iguanas (D:4)
  13 orc wizards
  6 hell rats (Lair:5)
  2 naga skeletons (Volcano)
  A hound zombie (D:5)
  14 gnolls
  A howler monkey skeleton (D:7)
  3 adders
  2 shadow imps
  A white imp (D:6)
  2 worms (Lair:3)
  47 orcs
  7 ball pythons
  5 bats
  16 endoplasms
  4 giant cockroaches
  8 goblins
  7 hobgoblins
  2 kobolds
  5 quokkas
  2 frilled lizards
  3 rats
477 creatures vanquished.

Vanquished Creatures (others)
  3 spriggans (Swamp:1)
  2 hornets (Swamp:1)
  A vampire mosquito (Swamp:1)
  A swamp worm (Swamp:1)
  A human (D:9)
  26 fungi
  42 plants
76 creatures vanquished.

Grand Total: 553 creatures vanquished

Notes
Turn   | Place    | Note
-------+----------+-------------------------------------------
     0 | D:1      | Avanven the Vine Stalker Fighter began the quest for the
                  | Orb.
     0 | D:1      | Reached XP level 1. HP: 11/11 MP: 2/2
    64 | D:1      | Reached skill level 2 in Maces & Flails
   642 | D:1      | Found a faded altar of an unknown god.
   691 | D:1      | Reached XP level 2. HP: 16/16 MP: 3/3
  1108 | D:1      | Reached skill level 3 in Maces & Flails
  1135 | D:1      | Reached XP level 3. HP: 7/19 MP: 1/4
  1321 | D:1      | Gained mutation: Your spells are a little harder to cast,
                  | but a little more powerful. [potion of mutation]
  1321 | D:1      | Gained mutation: Your system is resistant to poisons.
                  | (rPois) [potion of mutation]
  1714 | D:2      | Noticed Jessica
  1720 | D:2      | Killed Jessica
  2056 | D:2      | Gained mutation: Your natural rate of healing is unusually
                  | fast. [Vine Stalker growth]
  2056 | D:2      | Reached XP level 4. HP: 17/23 MP: 5/5
  2663 | D:2      | Reached skill level 4 in Maces & Flails
  2927 | D:3      | Found a radiant altar of Vehumet.
  2950 | D:3      | Found an opulent altar of Gozag.
  3191 | D:4      | Reached XP level 5. HP: 19/27 MP: 6/6
  3557 | D:4      | Reached skill level 5 in Maces & Flails
  3754 | D:4      | Noticed an ice beast
  3759 | D:4      | Killed an ice beast
  3760 | D:4      | Reached XP level 6. HP: 28/32 MP: 7/7
  3780 | D:4      | Found a staircase to the Ecumenical Temple.
  3785 | Temple   | Entered the Ecumenical Temple
  4027 | Temple   | Became a worshipper of Ashenzari the Shackled
  4062 | D:4      | Reached skill level 6 in Maces & Flails
  4347 | D:5      | Entered Level 5 of the Dungeon
  4365 | D:5      | You fall into a shaft and drop 1 floor!
  4434 | D:5      | Noticed a water moccasin
  4446 | D:5      | Killed a water moccasin
  4476 | D:5      | Found an ornate altar of the Wu Jian Council.
  4520 | D:5      | Noticed a sky beast
  4550 | D:5      | Killed a sky beast
  4551 | D:5      | Reached XP level 7. HP: 29/35 MP: 4/8
  4594 | D:5      | Reached skill level 7 in Maces & Flails
  4782 | D:5      | Found a hazy altar of Hepliaklqana.
  5009 | D:6      | Reached skill level 8 in Maces & Flails
  5025 | D:6      | Reached * piety under Ashenzari
  5056 | D:6      | Gained mutation: You have razor-sharp teeth. [Vine Stalker
                  | growth]
  5056 | D:6      | Reached XP level 8. HP: 34/39 MP: 5/9
  5133 | D:6      | Reached skill level 9 in Maces & Flails
  5323 | D:6      | Found a hide-covered altar of Uskayaw.
  5403 | D:6      | Found a shimmering altar of Xom.
  5966 | D:7      | Reached ** piety under Ashenzari
  5982 | D:7      | Reached skill level 10 in Maces & Flails
  6193 | D:7      | Reached XP level 9. HP: 45/45 MP: 10/10
  6818 | D:8      | Reached skill level 11 in Maces & Flails
  6863 | D:8      | Found a blossoming altar of Fedhas.
  7025 | D:8      | Identified the +7 war axe of Termination {holy, Str-2 Dex+3
                  | SInv}
  7042 | D:8      | Reached skill level 12 in Maces & Flails
  7298 | D:8      | Reached XP level 10. HP: 49/49 MP: 11/11
  7490 | D:8      | Noticed an oklob plant
  7516 | D:8      | Found a sparkling altar of Nemelex Xobeh.
  7728 | D:8      | Found a staircase to the Lair.
  7864 | Lair:1   | Entered Level 1 of the Lair of Beasts
  7865 | Lair:1   | Noticed a seven-headed hydra
  7947 | Lair:1   | Killed a seven-headed hydra
  7948 | Lair:1   | Reached skill level 13 in Maces & Flails
  7953 | Lair:1   | Noticed a cane toad
  7957 | Lair:1   | Killed a cane toad
  8042 | Lair:1   | Noticed Prince Ribbit
  8051 | Lair:1   | Noticed a black mamba
  8160 | D:9      | Found a stormy altar of Qazlal.
  8406 | D:9      | Reached skill level 5 in Armour
  8465 | D:9      | Noticed Joseph
  8472 | D:9      | Killed Joseph
  9106 | D:9      | Reached XP level 11. HP: 22/53 MP: 7/12
  9203 | D:9      | Reached skill level 14 in Maces & Flails
  9229 | D:9      | Found a staircase to the Orcish Mines.
  9325 | D:9      | Found an ancient bone altar of Kikubaaqudgha.
  9759 | D:10     | Entered Level 10 of the Dungeon
  9841 | D:10     | Noticed a two-headed ogre
  9854 | D:10     | Killed a two-headed ogre
 10020 | D:10     | Noticed a two-headed ogre
 10024 | D:10     | Noticed a manticore
 10024 | D:10     | a two-headed ogre changed into a manticore
 10131 | Orc:1    | Entered Level 1 of the Orcish Mines
 10132 | Orc:1    | Noticed Jorgrun
 10378 | D:8      | Killed Prince Ribbit
 11116 | Lair:2   | Noticed a four-headed hydra
 11127 | Lair:2   | Killed a four-headed hydra
 11134 | Lair:2   | Reached *** piety under Ashenzari
 11406 | Lair:2   | Reached skill level 5 in Fighting
 11406 | Lair:2   | Reached skill level 5 in Shields
 11406 | Lair:2   | Reached XP level 12. HP: 62/62 MP: 13/13
 11761 | Lair:3   | Found a hole to the Spider Nest.
 11776 | Lair:3   | Found a dark tunnel.
 11786 | Volcano  | Entered a volcano
 12368 | Lair:3   | Found a transporter.
 12368 | Lair:3   | Noticed 1994's ghost (journeyman FeAE)
 12370 | Lair:3   | Noticed a seven-headed hydra
 12372 | Lair:3   | Found a transporter.
 12677 | Lair:3   | Found a staircase to the Swamp.
 14158 | Lair:5   | Noticed a death yak
 14158 | Lair:5   | Noticed a death yak
 14158 | Lair:5   | Noticed a death yak
 14160 | Lair:5   | Noticed a death yak
 14161 | Lair:5   | Noticed a death yak
 14167 | Lair:5   | Killed a death yak
 14172 | Lair:5   | Killed a death yak
 14173 | Lair:5   | Reached XP level 13. HP: 65/66 MP: 14/14
 14184 | Lair:5   | Reached skill level 15 in Maces & Flails
 14300 | Lair:5   | Identified the +4 long sword of Gomomeg {vorpal, Dex+3}
 14616 | Lair:5   | Found a runed translucent door.
 14617 | Lair:5   | Found a viscous altar of Jiyva.
 14617 | Lair:5   | Found a staircase to the Slime Pits.
 14829 | Lair:6   | Entered Level 6 of the Lair of Beasts
 15169 | Lair:6   | Found a large runed translucent door.
 15169 | Lair:6   | Found a large runed translucent door.
 15191 | Lair:6   | Reached skill level 10 in Shields
 15215 | Lair:6   | Reached skill level 16 in Maces & Flails
 15318 | Lair:6   | Noticed a fire dragon
 15383 | Lair:6   | Found a burning altar of Makhleb.
 15617 | Lair:6   | Reached XP level 14. HP: 70/70 MP: 15/15
 16569 | D:9      | Killed Jorgrun
 16852 | Orc:1    | Noticed Fannar
 16858 | Orc:1    | Killed Fannar
 17388 | Orc:2    | Entered Level 2 of the Orcish Mines
 17554 | Orc:2    | Found a staircase to the Elven Halls.
 17653 | Orc:2    | Reached skill level 10 in Armour
 17770 | Orc:2    | Reached skill level 1 in Evocations
 17803 | Orc:2    | Reached skill level 17 in Maces & Flails
 17838 | Orc:2    | Paralysed by an ogre mage for 3 turns
 17944 | Orc:2    | Found Luiwips's Book Boutique.
 17945 | Orc:2    | Found Hatem's Distillery.
 17945 | Orc:2    | Found Hohiquic's Antique Armour Boutique.
 17945 | Orc:2    | Found Lixyud's Magic Scroll Emporium.
 18041 | Orc:2    | Bought a pair of glowing gloves for 270 gold pieces
 18531 | Spider:1 | Entered Level 1 of the Spider Nest
 18694 | Swamp:1  | Entered Level 1 of the Swamp
 18703 | Swamp:1  | Reached skill level 5 in Evocations
 18772 | Swamp:1  | HP: 3/71 [ghost crab] (1)]
 18792 | Swamp:1  | HP: 2/71 [poisoned by a death drake (foul vapour)]
 18793 | Swamp:1  | Succumbed to a death drake's foul vapour

Illustrated notes

Levels and vault maps discovered:
D:1:      arrival_zaba_pyramid, layout_loops_ring,
          shapermc_ecumenical_altar_starsandcircs
D:2:      layout_basic, uniq_jessica
D:3:      layout_basic, nicolae_vehumet_radiance, nicolae_gozag_seed_capital
D:4:      layout_loops_ring, minmay_temple_entry_arrows, grunt_ministairs_10
D:5:      layout_rooms, nicolae_hepliaklqana_hazy_memory,
          mainiacjoe_overflow_alcove_2, kennysheep_small_spiral,
          hangedman_abyss_or_decor_lesser_grid
D:6:      layout_basic, overflow_temple_1_default, xom_teletrap_fun
D:7:      layout_gridville
D:8:      lemuel_slime, layout_cave_pools, mainiacjoe_overflow_surrounded_room,
          nemelex_diamond_rough_becter, grunt_lair_entry_orc_guard_hut,
          feat_on_display
D:9:      layout_layer_cave, tgw_kikubaaqudgha,
          mainiacjoe_overflow_six_doors_small, erik_orc_2,
          serial_bayou_lagoon_a, nicolae_zen_rock_garden, uniq_joseph
D:10:     layout_loops_ring, mainiacjoe_overflow_chevrons,
          minmay_unpleasant_kobolds
Temple:   minmay_temple_curvy_loop
Lair:1:   layout_hall_layers, uniq_prince_ribbit2
Lair:2:   layout_big_grid, grunt_megastairs_2, infiniplex_staircase_pool_2,
          serial_bayou_shore_b
Lair:3:   layout_cave_pods, swamp_mist, nicolae_spider_entry_non_spiders,
          gammafunk_ghost_arena, nicolae_volcano_entry_two_sided
Lair:4:   layout_cave_pods, grunt_megastairs_5, lemuel_fruit_fields
Lair:5:   layout_loops_ring, slime_altar_2, st_stairs_6, grunt_megastairs_1,
          serial_bayou_shore_b
Lair:6:   cheibrodos_lair_end_hotspot, layout_concentric_octagons,
          lemuel_altar_in_water2, eino_small_chamber_without_monster,
          nicolae_quartered_pool_super
Swamp:1:  layout_falls_marsh, nicolae_swamp_decorative_isthmus
Spider:1: layout_spider_delve
Orc:1:    layout_diamond_mine, enter_bailey_5, nicolae_orc_flooded_monolith,
          uniq_fannar, uniq_jorgrun
Orc:2:    st_orc_ogre_mass, layout_caves

Skill      XL: |  1  2  3  4  5  6  7  8  9 10 11 12 13 14 |
---------------+-------------------------------------------+-----
Maces & Flails | 2 3 4 5 6 8 10 12 13 14 16 17 | 17.4
Armour         | 3 5 7 8 10 | 10.0
Fighting       | 5 6 7 |  7.1
Shields        | 5 7 10 | 10.1
Evocations     | 5 |  5.1

Action                   |  1- 3 |  4- 6 |  7- 9 | 10-12 | 13-15 || total
-------------------------+-------+-------+-------+-------+-------++-------
Melee: Flail             |    34 |       |       |       |       ||    34
       Bite              |    17 |    40 |   101 |   236 |   226 ||   620
       Whip              |    43 |   136 |   299 |   210 |       ||   688
       Morningstar       |       |       |       |   406 |   580 ||   986
Invok: Curse Item        |       |     1 |     2 |     2 |     1 ||     6
       Shatter the Chain |       |       |       |     1 |       ||     1
Evoke: Wand              |       |       |       |    17 |       ||    17
  Use: Potion            |     4 |       |       |    10 |     4 ||    18
       Scroll            |     3 |    12 |       |     7 |     8 ||    30
 Stab: Invisible         |       |       |       |     4 |       ||     4
Armor: Chain mail        |    33 |    26 |       |       |       ||    59
       Scale mail        |    10 |    14 |    69 |    86 |       ||   179
       Plate armour      |       |       |       |    21 |   171 ||   192
Dodge: Dodged            |    34 |    37 |    92 |   122 |    90 ||   375
Block: Buckler           |    19 |    21 |    58 |   194 |   203 ||   495
       Reflection        |       |       |       |     1 |     4 ||     5

Table legend: (Time is in decaauts)
 A = Elapsed time spent in this place.
 B = Non-inter-level travel time spent in this place.
 C = Inter-level travel time spent in this place.
 D = Time resting spent in this place.
 E = Time spent auto-exploring this place.
 F = Levels seen in this place.
 G = Mean time per level.
                   A        B        C        D        E       F      G
               +--------+--------+--------+--------+--------+-----+--------+
         Total |  18282 |  17537 |    745 |   1676 |  10340 |  22 |  831.0 |
       Dungeon |   9953 |   9560 |    393 |   1331 |   5734 |  10 |  995.3 |
        Temple |    254 |    254 |      0 |      0 |    185 |   1 |  254.0 |
          Lair |   5783 |   5492 |    291 |    290 |   3473 |   6 |  963.8 |
         Swamp |    102 |    102 |      0 |      0 |      8 |   1 |  102.0 |
   Spider Nest |     44 |     44 |      0 |      0 |      0 |   1 |   44.0 |
  Orcish Mines |   1731 |   1672 |     59 |     15 |    938 |   2 |  865.5 |
       Volcano |    414 |    414 |      0 |     40 |      0 |   1 |  414.0 |
               +--------+--------+--------+--------+--------+-----+--------+

Top non-repeatable levels by time:
     D:9: 1923 daAuts
     D:1: 1632 daAuts
  Lair:6: 1513 daAuts
     D:8: 1292 daAuts
     D:2: 1246 daAuts
  Lair:3: 1166 daAuts
     D:7: 987 daAuts
   Orc:2: 944 daAuts
  Lair:4: 870 daAuts
  Lair:1: 815 daAuts
   Orc:1: 787 daAuts
     D:6: 782 daAuts
  Lair:5: 736 daAuts
     D:4: 693 daAuts
  Lair:2: 681 daAuts
